AoeStats
← Sunscream

Arabia

510126890Analyzed
1v1 RM · 2d ago on Sep 29, 2026· 47m 23s· 2 players
Game mode
Random Map
Map size
Tiny (2 player)
Population
200
Speed
Normal
Resources
Standard
Victory
Conquest
Starting age
Dark Age
Ending age
Imperial Age
RankedLock teamsTeams togetherTeam positionsShared explorationLock speedFull tech treeHidden civsTurbo modeCheats
Victory
Defeat
🇦🇷 Varangians · Argentina
931
+15
🇬🇷 Poles · Greece
919
-15
Sunscream
7:29 Loom
9:50 Feudal Age
11:15 Double-Bit Axe
14:43 Fletching
21:59 Castle Age
20:53 Scale Barding Armor
21:10 Gold Mining
22:45 Bloodlines
25:28 Husbandry
27:55 Chain Barding Armor
30:59 Wheelbarrow
31:14 Bodkin Arrow
31:23 Horse Collar
32:34 Bow Saw
33:56 Elite Skirmisher
36:16 Padded Archer Armor
38:11 Thumb Ring
38:38 Ballistics
40:56 Imperial Age
40:52 Thumb Ring
41:20 Szlachta Privileges
42:10 Bracer
42:25 Leather Archer Armor
Cobicho2109
7:36 Loom
10:02 Feudal Age
14:28 Bloodlines
15:13 Forging
18:30 Double-Bit Axe
19:10 Scale Barding Armor
24:54 Castle Age
24:54 Horse Collar
26:10 Bow Saw
26:30 Chain Barding Armor
26:45 Iron Casting
30:13 Fletching
31:25 Bodkin Arrow
36:41 Ballistics
39:04 Imperial Age
36:50 Husbandry
40:27 Bracer
41:03 Plate Barding Armor
44:22 Elite Jarl
Connection lost

Rejoining the realm…

Still unreachable

The connection could not be restored.

Session expired

The server has moved on; the page needs a fresh start.